 Dungeon Crawl Stone Soup version 0.29.1-15-g9cfb28693d (webtiles) character file.

Game seed: 3243802922089280734

179 EarthwalkerPL the Trooper (level 5, 0/48 HPs)
             Began as a Minotaur Fighter on Apr 27, 2023.
             Slain by an orc priest
             ... wielding a +0 trident
              (5 damage)
             ... on level 4 of the Dungeon.
             The game lasted 00:02:54 (2586 turns).

EarthwalkerPL the Trooper (Minotaur Fighter)        Turns: 2586, Time: 00:02:54

Health: 0/48       AC:  7    Str: 23    XL:     5   Next: 32%
Magic:  4/4        EV:  9    Int:  5    God:
Gold:   246        SH:  4    Dex:  9    Spells: 4/4 levels left

rFire   . . .      SeeInvis .   a - +0 war axe
rCold   . . .      Faith    .   c - +0 buckler
rNeg    . . .      Spirit   .   b - +0 scale mail
rPois   .          Reflect  .   (helmet restricted)
rElec   .          Harm     .   (no cloak)
rCorr   .          Rampage  .   (no gloves)
Will    .....                   (no boots)
Stlth   ..........              m - amulet of the acrobat
HPRegen 0.16/turn               (no ring)
MPRegen 0.09/turn               (no ring)

@: no status effects
A: horns 2, retaliatory headbutt
a: no special abilities


You were on level 4 of the Dungeon.
You visited 1 branch of the dungeon, and saw 4 of its levels.

You collected 246 gold pieces.

Inventory:

Hand Weapons
 a - a +0 war axe (weapon)
Missiles
 k - 4 poisoned darts (quivered)
Armour
 b - a +0 scale mail (worn)
 c - a +0 buckler (worn)
Jewellery
 m - an amulet of the acrobat (around neck)
Wands
 s - a wand of mindburst (16)
Scrolls
 f - 2 scrolls of teleportation {unknown}
 h - a scroll of amnesia {unknown}
 n - 2 scrolls of identify {unknown}
 o - a scroll of magic mapping {unknown}
 p - 2 scrolls of blinking {unknown}
Potions
 d - 2 potions of might
 e - a potion of cancellation {unknown}
 g - a potion of degeneration {unknown}
 i - a potion of attraction {unknown}
 j - 3 potions of magic {unknown}
 l - 2 potions of ambrosia {unknown}
 q - a potion of curing {unknown}
 r - a potion of resistance {unknown}


   Skills:
 * Level 5.0 Fighting
 * Level 4.1 Axes
 * Level 5.0 Armour
 + Level 4.2 Shields


You had 4 spell levels left.
You didn't know any spells.
Your spell library contained the following spells:

 Spells                   Type           Power      Damage    Failure   Level
 Magic Dart               Conj           0%         1d3       86%         1
 Call Imp                 Summ           0%         N/A       94%         2
 Ensorcelled Hibernation  Hex/Ice        0%         N/A       94%         2
 Passwall                 Tmut/Erth      0%         N/A       94%         2
 Frozen Ramparts          Ice            0%         1d1       99%         3
 Mephitic Cloud           Conj/Pois/Air  0%         N/A       99%         3
 Swiftness                Air            0%         N/A       99%         3
 Ice Form                 Ice/Tmut       0%         N/A       100%        4
 Summon Ice Beast         Ice/Summ       0%         N/A       100%        4


Dungeon Overview and Level Annotations

Branches:
Dungeon (4/15)
 Temple: D:4-7

Altars:

Shops:
D:1 (


Innate Abilities, Weirdness & Mutations

You have a pair of horns on your head.
You reflexively headbutt those who attack you in melee.


Message History

The orc priest miscasts a cantrip.
Something hits you but does no damage.
You bump into the rock wall.
Something hits you but does no damage.
The orc priest hits you but does no damage.
You completely miss something. Something hits you.
The orc priest hits you from afar with a +0 trident.
You miss something. Your headbutt misses something.
The orc priest hits you from afar with a +0 trident.
Something hits you but does no damage. x2
The orc priest hits you but does no damage.
You bump into the rock wall.
The orc priest calls down the wrath of Beogh upon you.
Beogh smites you! Something hits you.
You bump into the rock wall.
The orc priest barely misses you. Something hits you but does no damage.
You feel less confused.
The orc priest mumbles some strange prayers to Beogh against you.
Something writhes in agony.
There is a stone staircase leading down here.
You closely miss something. Something hits you but does no damage.
You miss something. You block the orc priest's attack.
The orc priest calls down the wrath of Beogh upon you.
Beogh smites you!
* * * LOW HITPOINT WARNING * * *
Something misses you.
You closely miss the orc priest. Your headbutt misses the orc priest.
You hit something.
The orc priest miscasts a cantrip.
You hear some strange, mumbled words.
Something tries to affect you, but you resist.
Something hits you but does no damage.
The orc priest hits you with a +0 trident.
* * * LOW HITPOINT WARNING * * *
You miss something. Your headbutt misses something. You slash the orc priest!
You block the orc priest's attack. Something hits you but does no damage.
Unknown command.
You miss something. You hit the orc priest. Something hits you.
* * * LOW HITPOINT WARNING * * *
The orc priest hits you with a +0 trident.
You die...

#...... #......#
###......# . #........#
.. #........# ...
#........# ####
....###........###....##
...............>@o....=.
#..............{##....##
#..####.........# ...#
#..#...).######.# ..#
#..#.##..# #.# .#
#..#.##..# #.# ..
#..#.##..# #.# #
#..#.##..# #.#
#....##..# #.#


You could see an orc priest.

Vanquished Creatures
  A hound (D:4)
  Natasha (D:4)
  Robin (D:3)
  2 adders (D:2)
  A worm (D:2)
  A dart slug (D:1)
  5 orcs
  5 ball pythons
  A bat (D:2)
  8 endoplasms
  2 giant cockroaches (D:1)
  14 goblins
  12 hobgoblins
  2 jackals (D:1)
  4 quokkas
  4 frilled lizards
  6 kobolds
  3 rats
73 creatures vanquished.

Notes
Turn   | Place    | Note
-------+----------+-------------------------------------------
     0 | D:1      | EarthwalkerPL the Minotaur Fighter began the quest for the
                  | Orb.
     0 | D:1      | Reached XP level 1. HP: 19/19 MP: 0/0
   272 | D:1      | Reached XP level 2. HP: 23/27 MP: 1/1
   382 | D:1      | Found Coorchi's Antique Weapon Shoppe.
   666 | D:2      | Reached XP level 3. HP: 33/33 MP: 2/2
   936 | D:2      | Found a faded altar of an unknown god.
  1356 | D:3      | Reached XP level 4. HP: 41/41 MP: 3/3
  1728 | D:3      | Noticed Robin
  1736 | D:3      | Killed Robin
  2462 | D:4      | Reached XP level 5. HP: 41/47 MP: 4/4
  2509 | D:4      | Noticed Natasha
  2514 | D:4      | Killed Natasha
  2515 | D:4      | Reached skill level 5 in Fighting
  2573 | D:4      | Reached skill level 5 in Armour
  2586 | D:4      | Slain by an orc priest

Illustrated notes

Levels and vault maps discovered:
D:1:      dpeg_arrival_yet_another_circle, layout_rooms, serial_shops,
          shop_fountains, minivault_24
D:2:      layout_loops_ring, basic_ecumenical_altar,
          ebering_dispersal_statue_hall
D:3:      layout_basic, guppyfry_early_orc_mine, uniq_robin
D:4:      layout_basic, chequers_temple_overflow_minitemple,
          lightli_temple_of_fire, uniq_natasha

Skill      XL: |  1  2  3  4  5 |
---------------+----------------+-----
Fighting       | 4 5 |  5.0
Axes           | 3 4 |  4.1
Armour         | 4 5 |  5.0
Shields        | 4 |  4.2

Action                   |  1- 3 |  4- 6 || total
-------------------------+-------+-------++-------
Melee: War axe           |    85 |    70 ||   155
       Headbutt          |     9 |     8 ||    17
Armor: Scale mail        |    38 |    30 ||    68
Dodge: Dodged            |    26 |    41 ||    67
Block: Buckler           |    19 |    14 ||    33
